 Dungeon Crawl Stone Soup version 0.32-a0-699-g1ee5eff69a (webtiles) character file.

Game seed: 14372992572772514870

4123 shadizar the Thaumaturge (level 10, -9/60 HPs)
             Began as a Djinni Ice Elementalist on Mar 13, 2024.
             Killed from afar by a gargoyle (24 damage)
             ... with a stone arrow
             ... on level 9 of the Dungeon.
             The game lasted 00:14:55 (7781 turns).

shadizar the Thaumaturge (Djinni Ice Elementalist)  Turns: 7781, Time: 00:14:55

Health: -9/60      AC:  8    Str:  7    XL:     10   Next: 51%
Gold:   560        EV: 11    Int: 21    God:
                   SH:  0    Dex: 14

rFire   + . .        v - +4 spear
rCold   . . .        (no shield)
rNeg    . . .        a - +0 robe
rPois   ∞            h - +1 helmet
rElec   .            (no cloak)
rCorr   .            (no gloves)
SInv    .            (boots unavailable)
Will    +....        j - amulet of the acrobat
Stlth   ++           e - ring of ice
HPRegen 0.30/turn    B - +4 ring of protection
MPRegen 0.00/turn

%: acrobat, infuse magic (-10 HP)
@: marked, freezing walls, flying
A: sickness immunity, fire resistance 2, cold vulnerability 1, float, innate
caster, HP casting, extra vitality 1
a: no special abilities


You were on level 9 of the Dungeon.
You visited 2 branches of the dungeon, and saw 11 of its levels.

You collected 560 gold pieces.

Inventory:

Hand Weapons
 v - a +4 spear (weapon)
Armour
 a - a +0 robe (worn)
 h - a +1 helmet (worn)
 m - the +2 ring mail of Nycadofe {rN+ Dex+4}
   (You found it on level 8 of the Dungeon)

   Dex+4:     It affects your dexterity (+4).
   rN+:       It protects you from negative energy.
Jewellery
 e - a ring of ice (left hand)
 j - an amulet of the acrobat (around neck)
 B - a +4 ring of protection (right hand)
Wands
 y - a wand of polymorph (4)
 z - a wand of paralysis (20)
Scrolls
 b - 2 scrolls of poison
 c - 3 scrolls of teleportation
 g - 2 scrolls of blinking
 i - a scroll of immolation
 k - 4 scrolls of torment
 l - a scroll of fear
 o - 3 scrolls of silence {unknown}
 w - a scroll of amnesia
Potions
 d - 2 potions of cancellation
 f - a potion of might {unknown}
 n - 4 potions of curing {unknown}
 p - a potion of enlightenment {unknown}
 q - 2 potions of mutation {unknown}
 s - 2 potions of degeneration {unknown}
 u - a potion of lignification {unknown}
 x - a potion of attraction {unknown}
 A - a potion of brilliance {unknown}


   Skills:
 - Level 2.1 Dodging
 - Level 1.5 Stealth
 + Level 11.9 Spellcasting
 + Level 11.9 Conjurations
 + Level 11.9 Hexes
 + Level 11.9 Summonings
 + Level 11.9 Necromancy
 + Level 11.9 Translocations
 + Level 11.9 Fire Magic
 + Level 11.9 Ice Magic
 + Level 11.9 Air Magic
 + Level 11.9 Earth Magic
 + Level 11.9 Alchemy


You knew the following spells:

 Your Spells              Type           Power      Damage    Failure   Level
a - Freeze                Ice            100%       1d10      1%          1
b - Frozen Ramparts       Ice            100%       1d16      1%          3
c - Ozocubu's Armour      Ice            76%        N/A       1%          3
d - Summon Ice Beast      Ice/Summ       76%        N/A       1%          3
e - Kiss of Death         Conj/Necr      100%       2d13      1%          1
f - Momentum Strike       Conj/Tloc      100%       3d10      1%          2
g - Mephitic Cloud        Conj/Alch/Air  58%        N/A       1%          3
h - Hailstorm             Conj/Ice       76%        3d13      1%          3
Your spell library was empty.

Dungeon Overview and Level Annotations

Branches:
Dungeon (10/15)            Temple (1/1) D:7
   Lair: D:8-11         Orc: D:9-12

Altars:
Ashenzari
Okawaru
Wu Jian
Xom
Yredelemnul
Zin
The Shining One

Shops:
D:2 [

Annotations:
D:6 2 transporters
D:7 2 transporters, 1 runed translucent door, exclusions: ice statue and oklob plant, Filo's ghost, novice MiBe


Innate Abilities, Weirdness & Mutations

You are immune to sickness and miasma.
You are immune to poison.
Your flesh is very heat resistant. (rF++)
You are vulnerable to cold. (rC-)
You float through the air rather than walking.
You learn spells naturally, not from books.
Your magical power is your life essence.
You have superior vitality. (+4 MHP)


Message History

The ball explodes into a vile cloud!
The stinking cloud engulfs the orc.
* * * LOW HITPOINT WARNING * * *
The bullfrog is engulfed in noxious fumes.
The bullfrog appears confused.
The bullfrog hits the orc.
The bullfrog hits itself.
The orc is engulfed in noxious fumes.
The wall freezes the orc.
Unknown command.
Unknown command.
Unknown command.
Unknown command.
Unknown command.
The kobold brigand is engulfed in noxious fumes.
The kobold brigand appears confused.
A gargoyle comes into view. It is wielding a +0 mace.
The wall freezes the orc!
You kill the orc!
An orc comes into view. It is wielding a +0 whip.
Casting: Mephitic Cloud (safe; 1% risk of failure)
Confirm with . or Enter, or press ? or * to list all spells.
Aiming: Freeze (safe; 1% risk of failure)
Press: ? - help, Shift-Dir - straight line, f - acid dragon
Aim: an acid dragon You feel a surge of power!
You freeze the acid dragon.
The acid dragon is moderately wounded.
* * * LOW HITPOINT WARNING * * *
The bullfrog is engulfed in noxious fumes.
The bullfrog appears confused.
The bullfrog is engulfed in noxious fumes.
The bullfrog appears confused.
The wall freezes the bullfrog!
The bullfrog seems to slow down.
The kobold brigand is engulfed in noxious fumes.
The kobold brigand appears confused.
The kobold brigand hits something with a +0 club.
You feel a bit more experienced.
The wall freezes the acid dragon.
The acid dragon bites you but does no damage.
The acid dragon claws you but does no damage.
Your ice beast hits the acid dragon but does no damage.
The gargoyle hurls a stone arrow at you.
The stone arrow hits you!!
You die...

#.......
#...... ......
##K#§○###
####§☼.§☼.>####
...§§K.°.......
#§°......#
#D#†....#
#Y@°...##
..o○°F$###.##
o####§. .# 9...
# ###.. #.. #..
.#.


You could see an acid dragon (ally target), a gargoyle, a kobold brigand
(confused), a bullfrog (confused, slow), 2 orcs, a kobold and a friendly ice
beast (summoned).

Vanquished Creatures
  Pikel (D:5)
  2 trolls
  A steam dragon (D:8)
  A water moccasin (D:6)
  3 orc warriors
  A sky beast (D:6)
  An ice beast (D:6)
  An ogre (D:6)
  A centaur (D:6)
  A phantom (D:7)
  3 lemures (D:5)
  2 kobold brigands
  A bullfrog (D:8)
  A gnoll sergeant (D:7)
  6 killer bees (D:9)
  3 howler monkeys
  A hound (D:5)
  4 jellies
  3 orc priests
  2 sleepcaps
  3 iguanas
  A human skeleton (D:7)
  5 orc wizards
  12 gnolls
  4 adders
  2 white imps (D:7)
  4 dart slugs
  25 orcs
  7 ball pythons
  3 endoplasms
  2 giant cockroaches
  5 goblins
  5 hobgoblins
  10 jackals
  8 quokkas
  2 bats
  3 frilled lizards
  16 kobolds
  6 rats
162 creatures vanquished.

Vanquished Creatures (collateral kills)
  A two-headed ogre (D:8)
  A steam dragon (D:8)
  A centaur (D:8)
  2 orc priests
  An iguana (D:7)
  An orc wizard (D:8)
  A gnoll (D:7)
  3 orcs
11 creatures vanquished.

Grand Total: 173 creatures vanquished

Notes
Turn   | Place    | Note
-------+----------+-------------------------------------------
     0 | D:1      | shadizar the Djinni Ice Elementalist began the quest for
                  | the Orb.
     0 | D:1      | shadizar set off with the following spells memorised:
                  | Freeze, Frozen Ramparts, Ozocubu's Armour, Summon Ice
                  | Beast.
     0 | D:1      | Reached XP level 1. HP: 15/15 MP: 0/0
    18 | D:1      | Reached XP level 2. HP: 13/21 MP: 0/0
   266 | D:1      | Reached XP level 3. HP: 22/25 MP: 0/0
   266 | D:1      | Learned a level 1 spell: Kiss of Death
   836 | D:2      | Found a faded altar of an unknown god.
   978 | D:2      | Found Okluczeth's Antique Armour Boutique.
  1101 | D:2      | Reached XP level 4. HP: 28/31 MP: 0/0
  1491 | D:3      | Found a broken altar of Ashenzari.
  2158 | D:4      | Reached skill level 5 in Spellcasting
  2158 | D:4      | Reached skill level 5 in Conjurations
  2158 | D:4      | Reached skill level 5 in Hexes
  2158 | D:4      | Reached skill level 5 in Summonings
  2158 | D:4      | Reached skill level 5 in Necromancy
  2158 | D:4      | Reached skill level 5 in Translocations
  2158 | D:4      | Reached skill level 5 in Fire Magic
  2158 | D:4      | Reached skill level 5 in Ice Magic
  2158 | D:4      | Reached skill level 5 in Air Magic
  2158 | D:4      | Reached skill level 5 in Earth Magic
  2158 | D:4      | Reached skill level 5 in Alchemy
  2158 | D:4      | Reached XP level 5. HP: 16/35 MP: 0/0
  2158 | D:4      | Learned a level 2 spell: Momentum Strike
  2646 | D:4      | Reached XP level 6. HP: 35/40 MP: 0/0
  3023 | D:5      | Entered Level 5 of the Dungeon
  3468 | D:5      | Noticed Pikel
  3480 | D:5      | Killed Pikel
  3481 | D:5      | Reached XP level 7. HP: 15/45 MP: 0/0
  3481 | D:5      | Learned a level 3 spell: Mephitic Cloud
  3481 | D:5      | Reached XP level 8. HP: 16/50 MP: 0/0
  4678 | D:6      | Noticed a troll
  4685 | D:6      | Killed a troll
  4688 | D:6      | Reached XP level 9. HP: 37/55 MP: 0/0
  4688 | D:6      | Learned a level 3 spell: Hailstorm
  4876 | D:6      | Found a transporter.
  4880 | D:6      | Found a transporter.
  5424 | D:7      | Noticed Filo's ghost (novice MiBe)
  5426 | D:7      | Found a transporter.
  5426 | D:7      | Noticed an ice statue
  5716 | D:7      | Noticed a troll
  5723 | D:7      | Killed a troll
  5754 | D:7      | Reached skill level 10 in Spellcasting
  5754 | D:7      | Reached skill level 10 in Conjurations
  5754 | D:7      | Reached skill level 10 in Hexes
  5754 | D:7      | Reached skill level 10 in Summonings
  5754 | D:7      | Reached skill level 10 in Necromancy
  5754 | D:7      | Reached skill level 10 in Translocations
  5754 | D:7      | Reached skill level 10 in Fire Magic
  5754 | D:7      | Reached skill level 10 in Ice Magic
  5754 | D:7      | Reached skill level 10 in Air Magic
  5754 | D:7      | Reached skill level 10 in Earth Magic
  5754 | D:7      | Reached skill level 10 in Alchemy
  5993 | D:7      | Found a transporter.
  6101 | D:7      | Found a staircase to the Ecumenical Temple.
  6118 | Temple   | Entered the Ecumenical Temple
  6240 | D:7      | Noticed an oklob plant
  6491 | D:7      | HP: 2/55 [orc warrior/+0 halberd (10)]
  6794 | D:7      | Found a runed translucent door.
  6795 | D:7      | Found a basalt altar of Yredelemnul.
  7190 | D:8      | Reached XP level 10. HP: 46/60 MP: 0/0
  7355 | D:8      | Identified the +2 ring mail of Nycadofe {rN+ Dex+4}
  7371 | D:8      | Noticed a two-headed ogre
  7378 | D:8      | Killed a two-headed ogre
  7746 | D:8      | You are sucked into a shaft and drop 2 floors!
  7746 | D:10     | Entered Level 10 of the Dungeon
  7780 | D:9      | Noticed a gargoyle
  7781 | D:9      | Killed from afar by a gargoyle

Illustrated notes

Levels and vault maps discovered:
D:1:      erik_arrival_blinker_ship, layout_basic
D:2:      layout_basic, serial_glass, glass_columns_a, glass_columns_b,
          serial_shops, nicolae_shop_hallway_plus,
          chequers_ecumenical_altar_island, minivault_11, grunt_decor_cap
D:3:      layout_basic, nicolae_vehumet_altar_sigil, nicolae_ashenzari_skybound
D:4:      layout_loops_ring, nicolae_elevator_lobby_plus
D:5:      layout_basic, uniq_pikel
D:6:      gammafunk_steamed_eel, layout_basic, minivault_27
D:7:      layout_cave_pools, dk_yredelemnul_ordeal, temple_hall,
          nzn_ghost_randoct, item_on_display_b
D:8:      layout_layer_cave, marbit_many_paths, kennysheep_generic_room_14
D:9:      layout_loops_ring, nicolae_overflows_in_rows, grunt_gozag_breadcrumbs,
          minmay_hollow_rounded_squares
D:10:     layout_basic, kiku_gazebo_pond_becter, mainiacjoe_overflow_alcove_2,
          ploomutoo_gammafunk_ghost_potion_laboratory, patterned_corridor
Temple:   nicolae_temple_superstar

Skill      XL: |  1  2  3  4  5  6  7  8  9 10 |
---------------+-------------------------------+-----
Spellcasting   | 4 5 7 8 10 11 | 11.9
Conjurations   | 4 5 7 8 10 11 | 11.9
Hexes          | 4 5 7 8 10 11 | 11.9
Summonings     | 4 5 7 8 10 11 | 11.9
Necromancy     | 4 5 7 8 10 11 | 11.9
Translocations | 4 5 7 8 10 11 | 11.9
Fire Magic     | 4 5 7 8 10 11 | 11.9
Ice Magic      | 4 5 7 8 10 11 | 11.9
Air Magic      | 4 5 7 8 10 11 | 11.9
Earth Magic    | 4 5 7 8 10 11 | 11.9
Alchemy        | 4 5 7 8 10 11 | 11.9
Dodging        | |  2.1
Stealth        | |  1.5

Action                     |  1- 3 |  4- 6 |  7- 9 | 10-12 || total
---------------------------+-------+-------+-------+-------++-------
  Melee: Unarmed           |     5 |       |     2 |       ||     7
         Spear             |       |       |    23 |     5 ||    28
   Cast: Freeze            |    50 |    87 |    82 |    24 ||   243
         Frozen Ramparts   |       |     3 |    24 |     5 ||    32
         Ozocubu's Armour  |       |     3 |     1 |       ||     4
         Summon Ice Beast  |       |     1 |     5 |     7 ||    13
         Mephitic Cloud    |       |       |     5 |     8 ||    13
         Hailstorm         |       |       |     4 |       ||     4
         Kiss of Death     |       |       |     2 |       ||     2
         Momentum Strike   |       |       |     2 |       ||     2
    Use: Scroll            |       |       |    12 |       ||    12
 Armour: Robe              |    19 |    49 |    87 |    20 ||   175
  Dodge: Dodged            |    32 |    41 |    48 |    28 ||   149

Table legend: (Time is in decaauts)
 A = Elapsed time spent in this place.
 B = Non-inter-level travel time spent in this place.
 C = Inter-level travel time spent in this place.
 D = Time resting spent in this place.
 E = Time spent auto-exploring this place.
 F = Levels seen in this place.
 G = Mean time per level.
                   A        B        C        D        E       F      G
               +--------+--------+--------+--------+--------+-----+--------+
         Total |   7784 |   7556 |    228 |      0 |   6178 |  11 |  707.6 |
       Dungeon |   7692 |   7464 |    228 |      0 |   6158 |  10 |  769.2 |
        Temple |     91 |     91 |      0 |      0 |     20 |   1 |   91.0 |
               +--------+--------+--------+--------+--------+-----+--------+

Top non-repeatable levels by time:
     D:5: 1316 daAuts
     D:7: 1286 daAuts
     D:6: 1260 daAuts
     D:1: 857 daAuts
     D:4: 832 daAuts
     D:8: 769 daAuts
     D:3: 685 daAuts
     D:2: 649 daAuts
  Temple: 91 daAuts
     D:9: 24 daAuts
    D:10: 9 daAuts
